 Dungeon Crawl Stone Soup version 0.20.1-1-g8b1a95d (webtiles) character file.

1004 lorenzova the Thaumaturge (level 8, -1/41 HPs)
             Began as a Deep Elf Conjurer on Oct 26, 2017.
             Was a Follower of Sif Muna.
             Killed from afar by Dowan (14 damage)
             ... with a stone arrow
             ... on level 6 of the Dungeon.
             The game lasted 00:10:48 (6402 turns).

lorenzova the Thaumaturge (Deep Elf Conjurer)       Turns: 6402, Time: 00:10:50

Health: -1/41      AC:  2    Str:  5    XL:     8   Next: 0%
Magic:  0/22       EV: 13    Int: 23    God:    Sif Muna [*.....]
Gold:   300        SH:  0    Dex: 15    Spells: 13/24 levels left

rFire    . . .     SeeInvis .   x - +2 spear (freeze)
rCold    . . .     Gourm    .   (no shield)
rNeg     . . .     Faith    .   a - +0 robe
rPois    .         Spirit   .   (no helmet)
rElec    .         Reflect  .   (no cloak)
rCorr    .         Harm     .   (no gloves)
MR       .....                  (no boots)
Stlth    ++........             (no amulet)
Regen    0.2/turn               (no ring)
MPRegen  0.2/turn               (no ring)

@: no status effects
A: no striking features
a: Divine Energy, Renounce Religion


You were on level 6 of the Dungeon.
You worshipped Sif Muna.
Sif Muna was aware of your devotion.
You were not hungry.

You visited 2 branches of the dungeon, and saw 7 of its levels.

You collected 300 gold pieces.

Inventory:

Hand Weapons
 k - a +0 short sword
 x - a +2 spear of freezing (weapon)
Armour
 a - a +0 robe (worn)
 t - a cursed +0 ring mail
Wands
 m - a wand of random effects (26/48)
 u - a wand of disintegration (10/24)
 w - a wand of disintegration (10/24)
Scrolls
 e - 9 scrolls of identify {unknown}
 g - a scroll of recharging {unknown}
 h - 2 scrolls of blinking {unknown}
 i - 4 scrolls of teleportation {unknown}
 n - a scroll of magic mapping {unknown}
 o - 2 scrolls of amnesia {unknown}
 p - a scroll of fear {unknown}
 q - 2 scrolls of remove curse {unknown}
 s - a scroll of enchant weapon {unknown}
 v - a scroll of immolation {unknown}
Potions
 d - 2 potions of degeneration {unknown}
 f - 4 potions of agility {unknown}
 j - 3 potions of curing {unknown}
 l - 2 potions of heal wounds {unknown}
 r - 4 potions of might {unknown}
Books
 b - a book of Conjurations

   Spells                             Type                      Level
   a - Magic Dart                     Conjuration                  1
   b - Searing Ray                    Conjuration                  2
   c - Dazzling Spray                 Conjuration/Hexes            3
   d - Fulminant Prism                Conjuration/Hexes            4
   e - Force Lance                    Conjuration/Translocation    4
   f - Iskenderun's Mystic Blast      Conjuration                  4
Comestibles
 c - 4 bread rations


   Skills:
 - Level 2.4 Dodging
 - Level 2.4 Stealth
 * Level 8.5 Spellcasting
 * Level 8.2 Conjurations
 + Level 3.3 Hexes


You had 13 spell levels left.
You knew the following spells:

 Your Spells              Type           Power        Failure   Level  Hunger
a - Magic Dart            Conj           ####         1%          1    None
b - Searing Ray           Conj           #####.       1%          2    None
c - Iskenderun's Mystic   Conj           #####...     2%          4    ##.....
d - Fulminant Prism       Conj/Hex       #####.....   6%          4    ##.....


Dungeon Overview and Level Annotations

Branches:
Dungeon (6/15)             Temple (1/1) D:4

Altars:
Ashenzari
Cheibriados
Elyvilon
Fedhas
Gozag
Hepliaklqana
Kikubaaqudgha
Makhleb
Nemelex Xobeh
Sif Muna
Trog
Uskayaw
Vehumet
Xom
The Shining One

Annotations:
D:3 t3hbunneh's ghost, amateur DsFi
D:6 Dowan; HammerPanzer's ghost, novice DsBe


Message History

The searing ray hits Duvessa.
Duvessa is severely wounded.
Duvessa hits you with a rapier.
The searing ray misses Duvessa.
The searing ray hits Dowan.
Dowan is moderately wounded.
Duvessa barely misses you.
The searing ray hits Duvessa.
You kill Duvessa!
Sif Muna accepts your kill.
Dowan seems overcome with grief, but rights himself reflexively soon after.
Dowan seems to find hidden reserves of power!
You have reached level 8!
You feel clever.
The searing ray hits Dowan.
Dowan is almost dead.
You finish channeling your searing ray.
Dowan says, "How can I live without her?"
Dowan gestures at you while chanting. The stone arrow hits you!
You die...

># #..##.#.# .#
######..##.#.#######
..
....................
.##
######.##.#.###.####
#.##.#.......<#
#..#.#####.####
#..#.........
########..#######.###
....e.)@...# #.#
#.########.# #.# ..#
#.# #.# #.# .# .. ..


You could see Dowan.

Vanquished Creatures
  Prince Ribbit (D:5)
  Duvessa (D:6)
  An ice beast (D:5)
  2 ogres
  2 howler monkeys (D:4)
  2 hounds
  An iguana (D:5)
  An orc wizard (D:3)
  2 worker ants
  A hound zombie (D:5)
  A worker ant zombie (D:4)
  3 gnolls (D:5)
  7 adders
  2 worms
  3 dart slugs
  2 leopard geckos
  4 orcs (D:3)
  2 ball pythons
  3 giant cockroaches
  6 goblins
  8 hobgoblins
  3 jackals (D:2)
  5 quokkas
  12 bats
  7 frilled lizards
  9 kobolds
  7 rats
98 creatures vanquished.

Notes
Turn   | Place    | Note
-------+----------+-------------------------------------------
     0 | D:1      | lorenzova the Deep Elf Conjurer began the quest for the Orb.
     0 | D:1      | Reached XP level 1. HP: 10/10 MP: 6/6
   327 | D:1      | Reached XP level 2. HP: 15/15 MP: 6/8
   331 | D:1      | Learned a level 2 spell: Searing Ray
   644 | D:1      | Reached skill level 5 in Conjurations
   948 | D:1      | Reached XP level 3. HP: 19/19 MP: 8/10
  1602 | D:2      | Reached XP level 4. HP: 24/24 MP: 8/12
  1636 | D:2      | Learned a level 4 spell: Iskenderun's Mystic Blast
  2344 | D:3      | Reached skill level 5 in Spellcasting
  2344 | D:3      | Reached XP level 5. HP: 11/28 MP: 5/14
  2599 | D:3      | Noticed t3hbunneh's ghost (amateur DsFi)
  2883 | D:3      | Found a bloodstained altar of Trog.
  2895 | D:3      | Found a shattered altar of Ashenzari.
  2898 | D:3      | Found a hazy altar of Hepliaklqana.
  2898 | D:3      | Found a white marble altar of Elyvilon.
  2907 | D:3      | Found an opulent altar of Gozag.
  3904 | D:4      | Reached XP level 6. HP: 32/32 MP: 9/17
  3924 | D:4      | Learned a level 4 spell: Fulminant Prism
  4268 | D:4      | Found a staircase to the Ecumenical Temple.
  4286 | Temple   | Entered the Ecumenical Temple
  4324 | Temple   | Became a worshipper of Sif Muna the Loreminder
  4479 | D:4      | Reached skill level 1 in Hexes
  4732 | D:5      | Entered Level 5 of the Dungeon
  4786 | D:5      | Noticed Prince Ribbit
  4791 | D:5      | Killed Prince Ribbit
  4791 | D:5      | Reached XP level 7. HP: 36/36 MP: 0/19
  5198 | D:5      | Reached * piety under Sif Muna
  6251 | D:6      | Noticed HammerPanzer's ghost (novice DsBe)
  6393 | D:6      | Noticed Duvessa
  6398 | D:6      | Noticed Dowan
  6402 | D:6      | Killed Duvessa
  6402 | D:6      | Reached XP level 8. HP: 13/41 MP: 1/22
  6402 | D:6      | Killed from afar by Dowan

Skill      XL: |  1  2  3  4  5  6  7 |
---------------+----------------------+-----
Conjurations   | 5 6 7 8 |  8.2
Spellcasting   | 4 5 6 7 8 |  8.5
Hexes          | 2 3 |  3.3
Dodging        | |  2.4
Stealth        | |  2.4

Action                   |  1- 3 |  4- 6 |  7- 9 || total
-------------------------+-------+-------+-------++-------
Melee: Unarmed           |     2 |       |       ||     2
       Short sword       |       |     1 |       ||     1
       Spear             |       |       |     2 ||     2
 Cast: Magic Dart        |    83 |    81 |    18 ||   182
       Searing Ray       |       |     1 |     3 ||     4
       Iskenderun's Myst |       |    18 |    21 ||    39
  Eat: Chunk             |     2 |     9 |       ||    11
       Royal jelly       |       |     1 |     2 ||     3
       Meat ration       |       |       |     1 ||     1
Armor: Robe              |     2 |     1 |     3 ||     6
Dodge: Dodged            |     7 |     6 |    11 ||    24
